 Dungeon Crawl Stone Soup version 0.19.5 (webtiles) character file.

138019 TryAgain the Acrobat (level 16, -14/84 HPs)
             Began as a Deep Elf Ice Elementalist on Mar 4, 2017.
             Was the Champion of Vehumet.
             Demolished by an ice beast (26 damage)
             ... summoned by the player character
             ... on level 2 of the Orcish Mines on Apr 18, 2017.
             The game lasted 04:04:53 (48488 turns).

TryAgain the Acrobat (Deep Elf Ice Elementalist)   Turns: 48488, Time: 04:04:54

Health: -14/84     AC: 23    Str:  8    XL:     16   Next: 70%
Magic:  9/48       EV: 29    Int: 31    God:    Vehumet [******]
Gold:   1417       SH:  0    Dex: 17    Spells: 16 memorised, 1 level left

rFire  . . .     SeeInvis .     W - staff of energy
rCold  . . .     Gourm    .     J - +3 robe of Folly {Archmagi, MR-- Int+5}
rNeg   . . .     Faith    .     (no shield)
rPois  .         Spirit   .     E - +2 hat {MR+}
rElec  .         Reflect  .     Q - +1 cloak
rCorr  .         Harm     .     j - +0 pair of gloves {Str+3}
MR     +....                    U - +1 pair of boots
Stlth  +++++.....               (no amulet)
                                P - ring of magical power
                                h - ring of protection from magic

@: icy armour (expiring), slow
A: no striking features
a: Renounce Religion


You were on level 2 of the Orcish Mines.
You worshipped Vehumet.
Vehumet was exalted by your worship.
You were hungry.

You visited 8 branches of the dungeon, and saw 30 of its levels.
You visited 1 bazaar.

You collected 2566 gold pieces.
You spent 1149 gold pieces at shops.

Inventory:

Hand Weapons
 R - a +2 demon blade of electrocution
 T - a +8 trident
Armour
 j - a +0 pair of gloves of strength (worn)
 z - a +0 shield
 D - a +2 helmet
 E - a +2 hat of magic resistance (worn)
 J - the +3 robe of Folly (worn) {Archmagi, MR-- Int+5}
   (You found it on level 6 of the Dungeon)

   It affects your intelligence (+5).
   It affects your resistance to hostile enchantments.
 N - the +0 robe of Disguise {rPois rF+ Stlth+}
   (You found it on level 8 of the Dungeon)

   It protects you from fire.
   It protects you from poison.
   It makes you more stealthy.
 Q - a +1 cloak (worn)
 U - a +1 pair of boots (worn)
Magical Staves
 m - an uncursed staff of conjuration
 F - an uncursed staff of summoning
 W - an uncursed staff of energy (weapon)
Jewellery
 f - an uncursed ring of wizardry
 h - a ring of protection from magic (left hand)
 s - an uncursed ring of positive energy
 B - an uncursed ring of fire
 C - an uncursed ring of teleportation
 M - an uncursed ring of resist corrosion
 P - a ring of magical power (right hand)
Wands
 a - a wand of digging (15/24)
 d - a wand of iceblast (10/15)
 i - a wand of acid (4/15)
 l - a wand of disintegration (7/24)
 q - a wand of disintegration (15/24)
 u - a wand of disintegration (6/24)
 x - a wand of iceblast (8/15)
 O - a wand of lightning (11/15)
 V - a wand of lightning (9/15)
Scrolls
 e - 9 scrolls of remove curse
 r - 2 scrolls of fog
 K - 7 scrolls of identify
Potions
 k - 4 potions of might
 p - a potion of resistance
 t - 4 potions of flight
 A - 3 potions of brilliance
 S - 3 potions of lignification
 X - 3 potions of mutation
 Y - a potion of cancellation
 Z - a potion of curing
Books
 b - a book of Frost

   Spells                             Type                      Level
   a - Freeze                         Ice                          1
   b - Throw Frost                    Conjuration/Ice              2
   c - Ozocubu's Armour               Charms/Ice                   3
   d - Throw Icicle                   Conjuration/Ice              4
   e - Summon Ice Beast               Ice/Summoning                4
 g - a book of Battle

   Spells                             Type                      Level
   a - Infusion                       Charms                       1
   b - Shroud of Golubria             Charms/Translocation         2
   c - Song of Slaying                Charms                       2
   d - Spectral Weapon                Hexes/Charms                 3
   e - Regeneration                   Charms/Necromancy            3
 w - a book of Air

   Spells                             Type                      Level
   a - Shock                          Conjuration/Air              1
   b - Swiftness                      Charms/Air                   2
   c - Repel Missiles                 Charms/Air                   2
   d - Static Discharge               Conjuration/Air              3
   e - Lightning Bolt                 Conjuration/Air              5
 H - a book of Necromancy

   Spells                             Type                      Level
   a - Pain                           Necromancy                   1
   b - Animate Skeleton               Necromancy                   1
   c - Vampiric Draining              Necromancy                   3
   d - Regeneration                   Charms/Necromancy            3
   e - Animate Dead                   Necromancy                   4
   f - Control Undead                 Necromancy                   4
Miscellaneous
 o - a lamp of fire
 y - a fan of gales
 G - a sack of spiders
 I - a disc of storms
 L - a phantom mirror
Comestibles
 c - 16 bread rations
 n - 2 fruits
 v - 6 beef jerkies


   Skills:
 - Level 4.0 Fighting
 * Level 21.4 Dodging
 + Level 10.3 Stealth
 + Level 4.6 Shields
 + Level 17.2 Spellcasting
 - Level 10.1 Conjurations
 - Level 4.1 Charms
 - Level 5.3 Summonings
 - Level 6.1 Necromancy
 - Level 2.0 Fire Magic
 - Level 12.0 Ice Magic
 + Level 1.1 Air Magic


You had one spell level left.
You knew the following spells:

 Your Spells              Type           Power        Failure   Level  Hunger
a - Freeze                Ice            ####         0%          1    None
b - Ozocubu's Armour      Chrm/Ice       #######.     1%          3    None
c - Summon Ice Beast      Ice/Summ       #######.     1%          4    None
d - Throw Icicle          Conj/Ice       #######.     1%          4    None
e - Throw Frost           Conj/Ice       ######       1%          2    None
f - Vampiric Draining     Necr           #######...   1%          3    None
g - Regeneration          Chrm/Necr      ######....   1%          3    None
h - Searing Ray           Conj           ######       1%          2    None
i - Shock                 Conj/Air       ####         1%          1    None
j - Lightning Bolt        Conj/Air       #######...   1%          5    None
k - Swiftness             Chrm/Air       ######..     1%          2    None
l - Static Discharge      Conj/Air       #######.     1%          3    None
m - Shroud of Golubria    Chrm/Tloc      ######....   1%          2    None
n - Infusion              Chrm           ####         1%          1    None
o - Iskenderun's Battles  Conj/Chrm      #######.     1%          5    None
p - Delayed Fireball      Conj/Fire      N/A          52%         7    None


Dungeon Overview and Level Annotations

Branches:
Dungeon (15/15)            Temple (1/1) D:7            Lair (6/6) D:8
 Shoals (0/4) Lair:4       Spider (1/4) Lair:3        Slime (0/5) Lair:5
    Orc (2/2) D:11            Elf (2/3) Orc:2        Vaults (0/5) D:14
 Depths (2/5) D:15           Hell (1/1)
    Dis: Hell:1         Geh: Hell:1         Coc: Hell:1         Tar: Hell:1

Altars:
Ashenzari
Cheibriados
Dithmenos
Elyvilon
Fedhas
Gozag
Hepliaklqana
Kikubaaqudgha
Makhleb
Nemelex Xobeh
Okawaru
Qazlal
Ru
Sif Muna
Trog
Uskayaw
Vehumet
Xom
Yredelemnul
Zin
The Shining One
Beogh

Shops:
Orc:2 *}%[   Elf:1 }:*

Portals:
Hell: Depths:1
Trove: D:10 (give 2 scrolls of acquirement)

Annotations:
D:11 2 runed doors
Elf:2 Fingolfin's ghost, adept MiFi
Hell Geryon


Message History

You feel better. The ice beast hits you.
* * * LOW HITPOINT WARNING * * *
The ice beast freezes you!
* * * LOW HITPOINT WARNING * * *
Your ice beast barely misses the ice beast.
Your ice beast hits the ice beast.
Your ice beast freezes the ice beast.
The ice beast completely resists.
Your ice beast hits the ice beast but does no damage.
Your ice beast hits the ice beast.
Your ice beast freezes the ice beast.
The ice beast completely resists.
Things that are here:
a runed chain mail; a dagger You are feeling hungry.
Your ice beast disappears in a puff of smoke!
Your icy armour starts to melt.
Okay, then.
The ice beast hits you.
* * * LOW HITPOINT WARNING * * *
The ice beast freezes you!!
You die...

########### ##.#.#...#.#### ###
##...........#.#### ###
##.###....(.(..[.....#.## ##.##
##...##.....(........#...###...#
#.......).(((...@YY......##....#
.#........)<[).[....#.........##
..##.....#.)......[.......#.###
..........[[........##.#....##
........)...[........###.....###
.......(..()...[......#......#.##
..........(.).#[)........##.#...#
.........(.#)##.).........###....
##.#........)........#......>...#


You could see an ice beast and a friendly ice beast.

Vanquished Creatures
  Kirke (D:13)
  The ghost of Sagrath01 the Thaumaturge, an adept DsWz of Vehumet (Spider:1)
  An orc warlord (Orc:2)
  2 very ugly things (Depths:1)
  Azrael (D:14)
  An ettin (Depths:1)
  The ghost of Agrougrou the Basher, a journeyman DsFi of Okawaru (D:14)
  An ogre mage (D:15)
  The ghost of Dustman the Spear-Bearer, a journeyman MiGl of Nemelex Xobeh (D:10)
  8 vault guards
  An ice dragon (Depths:1)
  9 hydras
  3 catoblepae (Lair:6)
  5 centaur warriors
  25 death yaks
  4 dancing weapons
  A tengu warrior (D:15)
  Sonja (Lair:3)
  A fire crab (Lair:6)
  A sun demon (Hell)
  A wizard (D:15)
  An unseen horror (D:12)
  3 hill giants
  8 wolf spiders (Spider:1)
  A deep elf archer (Elf:1)
  6 orc knights
  7 orb spiders (Spider:1)
  20 deep elf magi
  6 ugly things
  3 orc sorcerers
  4 cyclopes
  2 manticores
  A moth of wrath (Spider:1)
  3 centaur zombies
  7 black mambas
  4 elephants (Lair:4)
  2 torpor snails (Spider:1)
  10 spiny frogs
  2 centaur skeletons
  3 kobold demonologists
  An efreet (D:11)
  3 demonic crawlers
  8 komodo dragons
  4 trolls
  18 jumping spiders
  5 two-headed ogres
  16 blink frogs
  7 hippogriffs
  4 shadows
  32 redbacks (Spider:1)
  An air elemental (Elf:2)
  A spriggan (Lair:5)
  2 wyverns
  4 fire elementals
  Eustachio (D:4)
  57 yaks
  5 tarantellas (Spider:1)
  A vampire (D:12)
  A water elemental (Depths:1)
  4 wraiths
  2 hogs (D:13)
  3 basilisks
  A warg (shapeshifter) (Elf:1)
  A hungry ghost (D:11)
  4 wargs
  12 water moccasins
  Duvessa (D:4)
  11 porcupines
  2 hell hounds (D:14)
  37 orc warriors
  An ice beast (D:9)
  A phantom (D:12)
  3 sky beasts
  A hornet zombie (D:10)
  2 eyes of draining
  A black bear (D:11)
  14 centaurs
  19 ogres
  A wolf (Lair:5)
  3 boggarts (Depths:1)
  17 crocodiles
  6 big kobolds
  11 bullfrogs
  2 earth elementals (Elf:1)
  Dowan (D:4)
  2 wyvern zombies
  8 scorpions
  2 wyvern skeletons
  5 killer bees
  4 electric eels
  14 wights
  4 howler monkeys
  7 crimson imps
  A wyvern simulacrum (D:14)
  3 bullfrog zombies
  8 hounds
  21 orc priests
  11 jellies
  15 orc wizards
  2 bullfrog skeletons
  Jessica (D:2)
  5 iguanas
  15 worker ants
  A hound zombie (D:9)
  Robin (D:4)
  2 worker ant zombies
  8 gnolls
  A howler monkey skeleton (D:6)
  20 adders
  3 shadow imps
  A white imp (D:5)
  6 oozes
  An adder zombie (D:5)
  6 worms
  3 dart slugs (D:1)
  4 leopard geckos
  82 orcs
  4 giant cockroaches
  16 goblins
  11 hobgoblins
  10 jackals
  4 quokkas
  2 ball pythons
  10 bats
  3 frilled lizards
  2 hobgoblin zombies (D:5)
  23 kobolds
  A kobold skeleton (D:5)
  2 kobold zombies (D:5)
  2 orc zombies (D:5)
  9 rats
  3 plants (Lair:5)
864 creatures vanquished.

Vanquished Creatures (collateral kills)
  Gastronok (D:9)
  An emperor scorpion (Spider:1)
  Erica (D:9)
  A dancing weapon (Elf:1)
  2 death yaks (Lair:3)
  A hill giant (D:8)
  6 elephants
  A spiny frog (Lair:5)
  3 rime drakes
  A komodo dragon (Lair:1)
  3 trolls
  4 polar bears
  2 two-headed ogres
  Prince Ribbit (D:5)
  Sigmund (D:5)
  A spriggan (D:9)
  6 yaks
  A basilisk (Lair:1)
  A hungry ghost (D:9)
  Menkaure (D:5)
  A water moccasin (D:11)
  A porcupine (Lair:1)
  3 ice beasts
  A necrophage (D:10)
  3 orc warriors
  4 ogres
  4 wolves (Lair:5)
  2 crocodiles
  Blork the orc (D:5)
  2 bullfrogs
  A scorpion (D:8)
  8 killer bees
  An electric eel (Lair:4)
  An orc priest (D:8)
  A bullfrog skeleton (D:8)
  2 orc wizards (D:11)
  An iguana (D:11)
  3 gnolls (D:8)
  An adder (D:11)
  2 shadow imps
  3 orcs
  A giant cockroach (D:4)
  A jackal (D:8)
  A quokka (D:6)
  A goblin skeleton (D:5)
  A goblin zombie (D:5)
  2 kobold skeletons (D:5)
  2 fungi (Lair:4)
94 creatures vanquished.

Vanquished Creatures (others)
  A catoblepas (Lair:5)
  A hippogriff (D:14)
  3 humans (D:13)
  An adder (D:7)
  A ball lightning (Spider:1)
  41 fungi
  35 plants
83 creatures vanquished.

Grand Total: 1041 creatures vanquished

Notes
Turn   | Place    | Note
-------+----------+-------------------------------------------
     0 | D:1      | TryAgain the Deep Elf Ice Elementalist began the quest for the Orb.
     0 | D:1      | Reached XP level 1. HP: 10/10 MP: 6/6
   141 | D:1      | Reached XP level 2. HP: 12/15 MP: 0/8
   298 | D:1      | Reached skill level 3 in Dodging
   483 | D:1      | Reached XP level 3. HP: 14/19 MP: 5/10
   902 | D:1      | Learned a level 3 spell: Ozocubu's Armour
   934 | D:2      | Noticed Jessica
   962 | D:2      | Killed Jessica
   962 | D:2      | Reached XP level 4. HP: 4/24 MP: 8/12
  1648 | D:2      | Reached skill level 4 in Dodging
  1917 | D:2      | Learned a level 4 spell: Summon Ice Beast
  2368 | D:3      | Found an ancient bone altar of Kikubaaqudgha.
  2593 | D:3      | Reached XP level 5. HP: 27/28 MP: 10/13
  2737 | D:3      | Found a sacrificial altar of Ru.
  2834 | D:3      | Reached skill level 1 in Summonings
  2954 | D:3      | Learned a level 4 spell: Throw Icicle
  2966 | D:4      | Noticed an ogre
  3260 | D:4      | Noticed Robin
  3272 | D:4      | Killed Robin
  3272 | D:4      | Reached skill level 5 in Spellcasting
  3411 | D:4      | Killed an ogre
  3411 | D:4      | Reached skill level 5 in Dodging
  3411 | D:4      | Reached XP level 6. HP: 32/32 MP: 4/15
  3472 | D:4      | Noticed Eustachio
  3592 | D:4      | Noticed Duvessa
  3625 | D:4      | Reached skill level 5 in Ice Magic
  3751 | D:4      | Noticed Dowan
  3779 | D:4      | Killed Duvessa
  3792 | D:4      | Killed Dowan
  3936 | D:5      | Entered Level 5 of the Dungeon
  3974 | D:5      | Reached XP level 7. HP: 30/36 MP: 9/17
  4030 | D:5      | Noticed Prince Ribbit
  4077 | D:5      | Reached skill level 6 in Dodging
  4257 | D:5      | Found a white marble altar of Elyvilon.
  4292 | D:5      | Noticed Blork the orc
  4297 | D:5      | Killed Blork the orc
  4691 | D:5      | Learned a level 2 spell: Throw Frost
  4803 | D:5      | Noticed Sigmund
  4963 | D:4      | Killed Eustachio
  5085 | D:4      | Reached skill level 7 in Dodging
  5286 | D:5      | Reached XP level 8. HP: 37/41 MP: 5/19
  5397 | D:5      | Noticed Menkaure
  5419 | D:5      | Killed Menkaure
  5612 | D:5      | Found a glowing golden altar of the Shining One.
  5726 | D:5      | Killed Sigmund
  6053 | D:5      | Killed Prince Ribbit
  6334 | D:6      | Reached skill level 8 in Dodging
  6509 | D:6      | Found a snail-covered altar of Cheibriados.
  6879 | D:6      | Reached skill level 1 in Charms
  6994 | D:6      | Found Plog's Magic Scroll Boutique.
  7042 | D:6      | Bought a scroll of identify for 26 gold pieces
  7042 | D:6      | Bought a scroll of identify for 26 gold pieces
  7042 | D:6      | Bought a scroll of teleportation for 39 gold pieces
  7042 | D:6      | Bought a scroll of teleportation for 39 gold pieces
  7042 | D:6      | Bought a scroll of identify for 26 gold pieces
  7042 | D:6      | Bought a scroll of identify for 26 gold pieces
  7049 | D:6      | Bought a scroll of immolation for 45 gold pieces
  7084 | D:6      | Found an iron altar of Okawaru.
  7758 | D:6      | Learned a level 3 spell: Vampiric Draining
  8004 | D:7      | Found a staircase to the Ecumenical Temple.
  8024 | Temple   | Entered the Ecumenical Temple
  8258 | Temple   | Became a worshipper of Vehumet
  8527 | D:7      | Found an opulent altar of Gozag.
  8545 | D:7      | Reached skill level 9 in Dodging
  8657 | D:7      | Reached XP level 9. HP: 38/45 MP: 16/22
  8770 | D:7      | Reached skill level 1 in Necromancy
  9747 | D:6      | Bought a scroll of enchant armour for 97 gold pieces
  9868 | D:8      | Got a thick robe
  9880 | D:8      | Found a shattered altar of Ashenzari.
  9944 | D:8      | Noticed an elephant
 10107 | D:9      | Noticed Gastronok
 10319 | D:9      | Reached * piety under Vehumet
 10319 | D:9      | Offered knowledge of Shock by Vehumet.
 10319 | D:9      | Reached skill level 10 in Dodging
 10505 | D:9      | Noticed Erica
 11074 | D:8      | Found a staircase to the Lair.
 11133 | D:8      | Noticed a death yak
 11179 | Lair:1   | Entered Level 1 of the Lair of Beasts
 11179 | Lair:1   | Noticed a rime drake
 11282 | D:6      | Bought a scroll of enchant weapon for 97 gold pieces
 11916 | D:9      | Found a shadowy altar of Dithmenos.
 12206 | D:10     | Entered Level 10 of the Dungeon
 12248 | D:10     | Reached ** piety under Vehumet
 12248 | D:10     | Offered knowledge of Searing Ray by Vehumet.
 12253 | D:10     | Learned a level 3 spell: Regeneration
 12256 | D:10     | Learned a level 2 spell: Searing Ray
 12284 | D:10     | Found a portal to a secret trove of treasure.
 12343 | D:10     | Reached XP level 10. HP: 49/50 MP: 14/25
 12358 | D:10     | Noticed Dustman's ghost (journeyman MiGl)
 12371 | D:10     | Reached skill level 11 in Dodging
 12884 | D:11     | Found a roughly hewn altar of Beogh.
 12884 | D:11     | Found a staircase to the Orcish Mines.
 13326 | D:11     | Noticed a red ugly thing
 13354 | D:11     | Found a large runed door.
 13521 | D:10     | Reached skill level 5 in Conjurations
 13543 | D:10     | Reached skill level 10 in Spellcasting
 13818 | D:10     | Offered knowledge of Throw Flame by Vehumet.
 13818 | D:10     | Reached skill level 12 in Dodging
 13959 | D:9      | Killed Erica
 14245 | D:9      | Killed Gastronok
 15085 | D:8      | Killed an elephant
 15148 | D:8      | Reached XP level 11. HP: 42/54 MP: 20/27
 15167 | Lair:1   | Reached *** piety under Vehumet
 15628 | Lair:1   | Reached skill level 13 in Dodging
 16428 | Lair:2   | Offered knowledge of Ignite Poison by Vehumet.
 17211 | Lair:2   | Noticed an eight-headed hydra
 17336 | Lair:2   | Noticed a death yak
 17337 | Lair:2   | Noticed a death yak
 17337 | Lair:2   | Noticed a death yak
 17337 | Lair:2   | Noticed a death yak
 17337 | Lair:2   | Noticed a death yak
 17479 | Lair:2   | Reached skill level 14 in Dodging
 17533 | Lair:3   | Found a hole to the Spider Nest.
 17597 | Lair:3   | Noticed Sonja
 17637 | Lair:2   | Noticed a four-headed hydra
 17701 | Lair:4   | Reached skill level 10 in Ice Magic
 17804 | Lair:4   | Identified the cursed +0 robe of Disguise {rPois rF+ Stlth+} (You found it on level 8 of the Dungeon)
 17961 | Lair:4   | Learned a level 1 spell: Shock
 17967 | Lair:4   | Learned a level 5 spell: Lightning Bolt
 17985 | Lair:4   | Learned a level 2 spell: Swiftness
 18023 | Lair:4   | Reached **** piety under Vehumet
 18111 | Lair:4   | Offered knowledge of Force Lance by Vehumet.
 18236 | Lair:4   | Found a staircase to the Shoals.
 18347 | Lair:4   | Reached XP level 12. HP: 23/59 MP: 9/30
 19247 | Lair:5   | Killed a catoblepas
 19289 | Lair:5   | Reached skill level 5 in Stealth
 19420 | Lair:5   | Found a staircase to the Slime Pits.
 19651 | Lair:5   | Reached skill level 15 in Dodging
 21200 | Lair:6   | Entered Level 6 of the Lair of Beasts
 21223 | Lair:6   | Noticed an eight-headed hydra
 21312 | Lair:3   | Reached ***** piety under Vehumet
 21399 | Lair:3   | Offered knowledge of Sticky Flame by Vehumet.
 21614 | Lair:3   | Reached skill level 1 in Fighting
 21697 | Lair:3   | Found a white marble altar of Elyvilon.
 22079 | Lair:3   | Killed Sonja
 22079 | Lair:3   | Reached skill level 16 in Dodging
 22479 | Lair:3   | Killed a death yak
 22491 | Lair:3   | HP: 3/62 [death yak (15)]
 22496 | Lair:3   | Killed a death yak
 23011 | Lair:2   | Killed an eight-headed hydra
 23011 | Lair:2   | Reached XP level 13. HP: 68/68 MP: 16/32
 25025 | Lair:6   | Reached skill level 17 in Dodging
 26517 | Lair:6   | Reached XP level 14. HP: 76/76 MP: 17/34
 27072 | Lair:6   | Reached skill level 18 in Dodging
 27520 | Lair:6   | Reached skill level 5 in Necromancy
 27736 | Lair:2   | Learned a level 3 spell: Static Discharge
 27739 | Lair:2   | Learned a level 2 spell: Shroud of Golubria
 27741 | Lair:2   | Learned a level 1 spell: Infusion
 27983 | Lair:2   | Offered knowledge of Iskenderun's Battlesphere by Vehumet.
 27990 | Lair:2   | Learned a level 5 spell: Iskenderun's Battlesphere
 28455 | D:8      | Reached skill level 15 in Spellcasting
 29327 | D:11     | Found a large runed door.
 29521 | D:11     | Found a large runed door.
 29521 | D:11     | Found a large runed door.
 30545 | Orc:1    | Entered Level 1 of the Orcish Mines
 30983 | Orc:2    | Entered Level 2 of the Orcish Mines
 30987 | Orc:2    | Reached skill level 10 in Conjurations
 32784 | D:13     | Found a flickering gateway to a bazaar.
 33131 | D:13     | Noticed Kirke
 33344 | D:13     | Killed Kirke
 33344 | D:13     | Reached skill level 19 in Dodging
 33458 | D:13     | Offered knowledge of Freezing Cloud by Vehumet.
 33538 | Bazaar   | Entered a bazaar
 33538 | Bazaar   | Found Cucsuept's Antique Weapon Shoppe.
 33551 | Bazaar   | Found Giptefos's Armour Emporium.
 33556 | Bazaar   | Found Qofidgh's Gadget Boutique.
 33589 | Bazaar   | Found Wesirat's Weapon Shop.
 33635 | Bazaar   | Bought a disc of storms for 160 gold pieces
 33990 | D:13     | Reached XP level 15. HP: 80/80 MP: 20/36
 34306 | D:14     | Found a gate to the Vaults.
 34501 | D:14     | Noticed Agrougrou's ghost (journeyman DsFi)
 34505 | D:14     | Killed Agrougrou's ghost
 34653 | D:14     | Noticed Azrael
 35295 | D:15     | Entered Level 15 of the Dungeon
 35970 | D:15     | Paralysed by an orc sorcerer for 4 turns
 36189 | D:15     | Found an opulent altar of Gozag.
 36696 | D:15     | Found a staircase to the Depths.
 37092 | D:14     | Killed Azrael
 37092 | D:14     | Reached skill level 20 in Dodging
 37379 | D:14     | Offered knowledge of Delayed Fireball by Vehumet.
 37653 | Depths:1 | Entered Level 1 of the Depths
 37867 | D:12     | Reached skill level 1 in Shields
 38755 | Orc:2    | Noticed an orc warlord
 39549 | D:10     | Killed Dustman's ghost
 40037 | Spider:1 | Entered Level 1 of the Spider Nest
 40108 | Spider:1 | Noticed Sagrath01's ghost (adept DsWz)
 41828 | Spider:1 | Killed Sagrath01's ghost
 41828 | Spider:1 | Reached XP level 16. HP: 70/84 MP: 8/38
 42054 | Spider:1 | Reached ****** piety under Vehumet
 42071 | Lair:3   | Learned a level 7 spell: Delayed Fireball
 42310 | Spider:1 | Offered knowledge of Poison Arrow by Vehumet.
 42713 | Spider:1 | Reached skill level 1 in Fire Magic
 44825 | Orc:2    | Found a staircase to the Elven Halls.
 44836 | Orc:2    | Reached skill level 21 in Dodging
 44984 | Elf:1    | Entered Level 1 of the Elven Halls
 44987 | Elf:1    | Found Luhugy's Food Emporium.
 44996 | Elf:1    | Bought a beef jerky for 15 gold pieces
 44996 | Elf:1    | Bought a bread ration for 50 gold pieces
 44996 | Elf:1    | Bought a bread ration for 50 gold pieces
 44996 | Elf:1    | Bought a bread ration for 50 gold pieces
 44996 | Elf:1    | Bought a bread ration for 50 gold pieces
 44996 | Elf:1    | Bought a beef jerky for 15 gold pieces
 44996 | Elf:1    | Bought a bread ration for 50 gold pieces
 44996 | Elf:1    | Bought a beef jerky for 15 gold pieces
 44996 | Elf:1    | Bought a beef jerky for 15 gold pieces
 44996 | Elf:1    | Bought a bread ration for 50 gold pieces
 44996 | Elf:1    | Bought a beef jerky for 15 gold pieces
 45061 | Elf:1    | Found Iptot's Assorted Antiques.
 45076 | Elf:1    | Bought a potion of curing for 81 gold pieces
 45088 | Elf:1    | Reached skill level 5 in Summonings
 45204 | Elf:1    | Found Bualiut's Book Emporium.
 45211 | Elf:1    | Found Urchi's Gadget Shoppe.
 46505 | Elf:2    | Noticed Fingolfin's ghost (adept MiFi)
 46719 | Orc:2    | Found Bekhlova's Gadget Shoppe.
 46719 | Orc:2    | Found Mawexex's Food Boutique.
 46721 | Orc:2    | Found Ykliman's Armour Shop.
 46723 | Orc:2    | Found Neockol's Assorted Antiques.
 46728 | Orc:2    | Bought a beef jerky for 19 gold pieces
 46735 | Orc:2    | Bought a potion of curing for 93 gold pieces
 47382 | Depths:1 | Identified a scroll of acquirement
 47656 | Depths:1 | Reached skill level 10 in Stealth
 47960 | Depths:1 | Found a gateway to Hell.
 47973 | Hell     | Entered the Vestibule of Hell
 47973 | Hell     | Noticed Geryon
 48173 | Depths:2 | Noticed a tengu reaver
 48464 | Orc:2    | Reached skill level 1 in Air Magic
 48488 | Orc:2    | Demolished by an ice beast

Skill      XL: |  1  2  3  4  5  6  7  8  9 10 11 12 13 14 15 16 |
---------------+-------------------------------------------------+-----
Dodging        | 3 4 5 7 9 10 12 14 16 17 19 20 21 | 21.4
Spellcasting   | 4 5 6 7 9 10 12 13 14 15 16 17 | 17.2
Ice Magic      | 4 5 6 7 8 10 11 12 | 12.0
Summonings     | 1 2 3 4 5 |  5.3
Charms         | 2 4 |  4.1
Stealth        | 3 4 6 7 9 10 | 10.3
Necromancy     | 2 3 6 |  6.1
Conjurations   | 3 5 6 7 9 10 | 10.1
Fighting       | 2 4 |  4.0
Shields        | 2 4 |  4.6
Fire Magic     | 2 |  2.0
Air Magic      | 1 |  1.1

Action                   |  1- 3 |  4- 6 |  7- 9 | 10-12 | 13-15 | 16-18 || total
-------------------------+-------+-------+-------+-------+-------+-------++-------
Melee: Club              |     7 |       |       |       |       |       ||     7
       Short sword       |    10 |    31 |    86 |       |       |       ||   127
       Long sword        |       |       |    57 |       |       |       ||    57
       Trident           |       |       |    36 |   376 |    69 |       ||   481
       Staff             |       |       |       |       |   148 |    29 ||   177
 Cast: Freeze            |    47 |   111 |   171 |   305 |    66 |    20 ||   720
       Summon Ice Beast  |       |     5 |    44 |    76 |    20 |    24 ||   169
       Ozocubu's Armour  |       |     6 |    19 |    37 |    16 |     8 ||    86
       Throw Frost       |       |       |    30 |    92 |    59 |    13 ||   194
       Throw Icicle      |       |       |    30 |    40 |   763 |   234 ||  1067
       Swiftness         |       |       |       |     1 |       |       ||     1
       Vampiric Draining |       |       |       |     3 |       |       ||     3
       Shroud of Golubri |       |       |       |       |     1 |       ||     1
       Iskenderun's Batt |       |       |       |       |     1 |       ||     1
       Lightning Bolt    |       |       |       |       |       |     9 ||     9
Evoke: Wand              |       |       |       |     1 |     6 |     1 ||     8
       Disc of storms    |       |       |       |       |       |     2 ||     2
       Lamp of fire      |       |       |       |       |       |     1 ||     1
  Use: Scroll            |       |     3 |    17 |    18 |    16 |     9 ||    63
       Potion            |       |     1 |     3 |    21 |     6 |     4 ||    35
 Stab: Sleeping          |     1 |     4 |     1 |     4 |     5 |       ||    15
       Distracted        |       |       |       |     3 |       |       ||     3
  Eat: Chunk             |       |     9 |    16 |    17 |    27 |     4 ||    73
       Meat ration       |       |       |     2 |     2 |     4 |       ||     8
       Pizza             |       |       |     1 |     2 |     3 |       ||     6
       Fruit             |       |       |     3 |     2 |     6 |    16 ||    27
       Beef jerky        |       |       |       |     3 |     1 |       ||     4
Armor: Robe              |     6 |    24 |    72 |   168 |    99 |    24 ||   393
Dodge: Dodged            |    33 |    72 |   253 |   696 |   539 |   190 ||  1783
       Rpst.: Long sword |       |       |    19 |       |       |       ||    19
